 Dungeon Crawl Stone Soup version 0.30-a0-177-g1cb5dbfd7a (webtiles) character file.

Game seed: 11049177781631089094

39 bande the Shield-Bearer (level 3, 0/24 HPs)
             Began as a Gargoyle Fighter on Oct 3, 2022.
             Slain by a gnoll
             ... wielding a +0 flail
              (1 damage)
             ... on level 4 of the Dungeon.
             The game lasted 00:01:30 (1038 turns).

bande the Shield-Bearer (Gargoyle Fighter)          Turns: 1038, Time: 00:01:31

Health: 0/24       AC: 11    Str: 19    XL:     3   Next: 45%
Magic:  3/3        EV:  9    Int:  8    God:
Gold:   96         SH:  4    Dex: 11    Spells: 2/2 levels left

rFire   . . .      SeeInvis .    e - +0 broad axe
rCold   . . .      Faith    .    c - +0 buckler
rNeg    + . .      Spirit   .    b - +0 scale mail
rPois   ∞          Reflect  .    (no helmet)
rElec   +          Harm     .    j - +0 cloak
rCorr   .          Rampage  .    (no gloves)
Will    .....                    (no boots)
Stlth   ..........               (no amulet)
HPRegen 0.24/turn                (no ring)
MPRegen 0.08/turn                (no ring)

@: no status effects
A: sickness immunity, AC +3, negative energy resistance 1, electricity
resistance, torment resistance 1, petrification resistance
a: no special abilities


You were on level 4 of the Dungeon.
You visited 1 branch of the dungeon, and saw 4 of its levels.

You collected 96 gold pieces.

Inventory:

Hand Weapons
 a - a +0 war axe
 e - a +0 broad axe (weapon)
Armour
 b - a +0 scale mail (worn)
 c - a +0 buckler (worn)
 j - a +0 cloak (worn)
Scrolls
 g - 2 scrolls of identify {unknown}
 h - 2 scrolls of fog {unknown}
 i - a scroll of magic mapping {unknown}
Potions
 d - a potion of might
 f - 2 potions of ambrosia {unknown}


   Skills:
 + Level 3.6 Fighting
 + Level 2.2 Axes
 + Level 3.7 Armour
 + Level 3.8 Shields


You had 2 spell levels left.
You didn't know any spells.
Your spell library was empty.

Dungeon Overview and Level Annotations

Branches:
Dungeon (4/15)
 Temple: D:4-7

Altars:
Trog


Innate Abilities, Weirdness & Mutations

You are immune to sickness and miasma.
Your stone body is resilient. (AC +3)
You are immune to poison.
You resist negative energy. (rN+)
You are resistant to electric shocks. (rElec)
You are resistant to unholy torment.
You are immune to petrification.


Message History

Done waiting.
There is a stone staircase leading up here.
Items here: ( ) [ ÷.
You climb upwards.
The bat hits you but does no damage.
There is a stone staircase leading down here.
Unknown command.
Unknown command.
The bat hits you but does no damage. You block the gnoll's attack.
You climb downwards.
There is a stone staircase leading up here.
Items here: ( ) [ ÷.
No target in view!
No target in view!
You can't go down here!
Unknown command.
You climb upwards.
The goblin unwields a +0 sling.
The goblin wields a +0 dagger.
The goblin hits you but does no damage. The gnoll hits you with a +0 flail!
You block the gnoll's attack. The goblin hits you but does no damage.
There is a stone staircase leading down here.
You block the bat's attack. The gnoll hits you with a +0 flail.
You block the gnoll's attack. The goblin hits you but does no damage.
You climb downwards.
There is a stone staircase leading up here.
Items here: ( ) [ ÷.
Unknown command.
You closely miss the bat. You hit the gnoll but do no damage.
You block the bat's attack. x2; The bat closely misses you.
The gnoll barely misses you. The gnoll closely misses you.
Unknown command.
You closely miss the bat. You hit the gnoll. The bat barely misses you. x2
The bat closely misses you. The gnoll hits you with a +0 flail.
* * * LOW HITPOINT WARNING * * *
The bat hits you but does no damage.
You completely miss the bat. You barely miss the gnoll.
The bat hits you but does no damage. The gnoll hits you but does no damage.
The gnoll hits you with a +0 flail.
* * * LOW HITPOINT WARNING * * *
The gnoll attacks as you move away! The gnoll hits you with a +0 flail.
You die...

#. #.
#. #.
######.
.......
#..g##
#@# #.#
#.# #b#
#.# #.#
#.# #.#
#.#


You could see a gnoll and a bat.

Vanquished Creatures
  An iguana (D:4)
  2 ball pythons (D:1)
  2 giant cockroaches (D:1)
  A hobgoblin (D:1)
  4 jackals (D:1)
  A kobold (D:4)
  A frilled lizard (D:1)
12 creatures vanquished.

Notes
Turn   | Place    | Note
-------+----------+-------------------------------------------
     0 | D:1      | bande the Gargoyle Fighter began the quest for the Orb.
     0 | D:1      | Reached XP level 1. HP: 14/14 MP: 1/1
   101 | D:1      | Found a faded altar of an unknown god.
   146 | D:1      | Reached XP level 2. HP: 19/19 MP: 2/2
   728 | D:2      | You fall into a shaft and drop 1 floor!
   729 | D:3      | Found a bloodstained altar of Trog.
   742 | D:4      | Reached XP level 3. HP: 23/23 MP: 3/3
  1037 | D:4      | HP: 1/24 [gnoll/+0 flail (5)]
  1038 | D:4      | Slain by a gnoll

Illustrated notes

Levels and vault maps discovered:
D:1:      heliophobic_arrival_enchanted_forest, layout_basic,
          chequers_ecumenical_altar_simple_redux, minmay_misc_feat_more_columns
D:2:      layout_rooms
D:3:      cheibrodos_greedy_goblins, layout_rooms, bloody_trog,
          xom_confusion_cloud, st_stairs_12, roderic_roman_lattice
D:4:      layout_basic, minmay_misc_feat_four_crosses

Skill      XL: |  1  2 |
---------------+-------+-----
Axes           | 2 |  2.2
Fighting       | |  3.6
Armour         | |  3.7
Shields        | |  3.8

Action                   || total
-------------------------++-------
Melee: Broad axe         ||    32
Armor: Scale mail        ||    34
Dodge: Dodged            ||    26
Block: Buckler           ||    14

Table legend: (Time is in decaauts)
 A = Elapsed time spent in this place.
 B = Non-inter-level travel time spent in this place.
 C = Inter-level travel time spent in this place.
 D = Time resting spent in this place.
 E = Time spent auto-exploring this place.
 F = Levels seen in this place.
 G = Mean time per level.
                   A        B        C        D        E       F      G
               +--------+--------+--------+--------+--------+-----+--------+
         Total |   1057 |   1025 |     32 |    273 |    613 |   4 |  264.2 |
       Dungeon |   1057 |   1025 |     32 |    273 |    613 |   4 |  264.2 |
               +--------+--------+--------+--------+--------+-----+--------+

Top non-repeatable levels by time:
     D:1: 738 daAuts
     D:4: 304 daAuts
     D:3: 14 daAuts
